 Dungeon Crawl Stone Soup version 0.29-a0-362-g5854e031c7 (webtiles) character file.

Game seed: 245895404307611410

3885 enile the Destroyer (level 10, 0/59 HPs)
             Began as a Tengu Conjurer on Apr 30, 2022.
             Was a Priest of Dithmenos.
             Succumbed to a killer bee's poison
             ... on level 8 of the Dungeon.
             The game lasted 00:20:52 (10749 turns).

enile the Destroyer (Tengu Conjurer)               Turns: 10749, Time: 00:20:52

Health: 0/59       AC:  3    Str: 10    XL:     10   Next: 19%
Magic:  9/20       EV: 17    Int: 23    God:    Dithmenos [***...]
Gold:   293        SH:  4    Dex: 12    Spells: 8/21 levels left

rFire   . . .      SeeInvis .   c - staff of conjuration
rCold   . . .      Faith    .   (no shield)
rNeg    . . .      Spirit   .   m - +1 robe of the Bright God {Str+2}
rPois   .          Reflect  .   (helmet restricted)
rElec   .          Harm     .   p - scarf {shadows}
rCorr   .          Rampage  .   (no gloves)
Will    +....      Clarity  +   (boots unavailable)
Stlth   +++.......              (no amulet)
HPRegen 0.19/turn               n - ring of willpower
MPRegen 0.17/turn               (no ring)

@: lethally poisoned (0 -> -8), flying quickly and evasively, wreathed by umbra,
quick
A: beak, talons 3, nimble flight, large bone plates 1, clarity
a: Renounce Religion, Shadow Step


You were on level 8 of the Dungeon.
You worshipped Dithmenos.
Dithmenos was most pleased with you.
You visited 2 branches of the dungeon, and saw 9 of its levels.

You collected 410 gold pieces.
You spent 117 gold pieces at shops.

Inventory:

Hand Weapons
 b - a +0 falchion
 e - a +3 dagger
Armour
 a - a +0 robe
 m - the +1 robe of the Bright God (worn) {Str+2}
   (You found it on level 4 of the Dungeon)

   Str:       It affects your strength (+2).
 p - a scarf of shadows (worn)
 D - a +2 leather armour of fire resistance
Magical Staves
 c - a staff of conjuration (weapon)
 i - a staff of air
Jewellery
 n - a ring of willpower (left hand)
Wands
 v - a wand of acid (6)
 x - a wand of mindburst (10)
Scrolls
 d - a scroll of silence
 f - a scroll of vulnerability
 k - 3 scrolls of immolation
 l - 2 scrolls of teleportation
 q - 2 scrolls of enchant weapon
 r - a scroll of enchant armour {unknown}
 s - 2 scrolls of blinking
 u - 2 scrolls of holy word
 w - a scroll of amnesia
 y - a scroll of fog {unknown}
 B - a scroll of summoning {unknown}
Potions
 g - a potion of lignification {unknown}
 h - a potion of flight {unknown}
 j - a potion of berserk rage {unknown}
 o - a potion of might {unknown}
 t - a potion of brilliance
 A - a potion of magic
 C - a potion of mutation
 E - a potion of haste {unknown}
 F - a potion of curing


   Skills:
 + Level 5.5 Fighting
 - Level 7.0 Dodging
 - Level 3.0 Stealth
 - Level 6.0 Spellcasting
 - Level 10.0 Conjurations
 - Level 5.0 Air Magic
 - Level 6.0 Evocations


You had 8 spell levels left.
You knew the following spells:

 Your Spells              Type           Power      Damage    Failure   Level
a - Magic Dart            Conj           100%       1d8       1%          1
b - Searing Ray           Conj           100%       2d8       1%          2
c - Dazzling Flash        Conj/Hex       88%        N/A       3%          3
d - Fulminant Prism       Conj/Hex       22%        3d13      11%         4
e - Mephitic Cloud        Conj/Pois/Air  44%        N/A       3%          3

Your spell library contained the following spells:

 Spells                   Type           Power      Damage    Failure   Level
 Static Discharge         Conj/Air       58%        N/A       1%          2
 Stone Arrow              Conj/Erth      88%        3d12      3%          3
 Corpse Rot               Necr/Air       36%        N/A       4%          2
 Poisonous Vapours        Pois/Air       36%        N/A       4%          2
 Sandblast                Erth           12%        2d6       9%          1
 Iskenderun's Mystic Bla  Conj/Tloc      44%        2d10      11%         4
 Sticky Flame             Conj/Fire      44%        2d6       11%         4
 Passwall                 Tmut/Erth      5%         N/A       13%         2
 Ignite Poison            Fire/Tmut/Pois 6%         N/A       26%         3
 Freezing Cloud           Conj/Ice/Air   22%        6-21      30%         5
 Dispel Undead            Necr           6%         3d8       63%         4


Dungeon Overview and Level Annotations

Branches:
Dungeon (8/15)             Temple (1/1) D:4            Lair (0/6) D:8

Altars:
Ashenzari
Cheibriados
Dithmenos
Elyvilon
Fedhas
Gozag
Makhleb
Nemelex Xobeh
Okawaru
Qazlal
Ru
Sif Muna
Uskayaw
Vehumet
Wu Jian
Xom
Yredelemnul
Zin
The Shining One

Shops:
D:4 (

Annotations:
D:2 Sigmund


Innate Abilities, Weirdness & Mutations

You have a beak for a mouth.
You have claws for feet.
Your magical nature lets you fly swiftly and evasively.
You are partially covered in large bone plates. (SH +4)
You possess an exceptional clarity of mind.


Message History

The killer bee stings you.
You feel sick. You block the killer bee's attack.
You feel sick.
You feel sick.
As you read the scroll labelled BAKHIZ ROCKUF, it crumbles to dust.
You feel aware of your surroundings.
It was a scroll of magic mapping.
You feel sick.
You are no longer poisoned.
As you read the scroll labelled JIVIHI EWEXT, it crumbles to dust.
The creatures around you are filled with an inner flame!
It was a scroll of immolation.
Casting: Mephitic Cloud (dangerous; 3% risk of failure)
Confirm with . or Enter, or press ? or * to list all spells.
Aiming: Searing Ray (safe; 1% risk of failure)
Press: ? - help, Shift-Dir - straight line, f/p - killer bee
Aim: a killer bee (moderately wounded, inner flame, confused, umbra, 85% to hit)
You feel a surge of power!
The searing ray misses the killer bee. (Press . to maintain the ray.)
The killer bee seems less confused.
The killer bee stings you.
You are poisoned.
The killer bee poisons you!
Casting: Searing Ray (safe; 1% risk of failure)
Confirm with . or Enter, or press ? or * to list all spells.
Restarting spell: Searing Ray (safe; 1% risk of failure)
Press: ? - help, Shift-Dir - straight line, f/p - killer bee
Aim: a killer bee (moderately wounded, inner flame, umbra, 65% to hit)
You feel a surge of power!
The searing ray hits the killer bee!
Dithmenos accepts your kill.
The searing ray hits the white imp!
Flame seeps out of the white imp.
The white imp is almost dead. (Press . to maintain the ray.)
The killer bee explodes!
The fiery explosion engulfs the white imp!
The white imp is burned terribly!
Dithmenos accepts your kill. The fiery explosion engulfs you!
The white imp explodes!
You are engulfed in blazing flames.
* * * LOW HITPOINT WARNING * * *
You die...

###.###*....e,****,***#.......#P.
......#**#..#***,,,* #.......#..
#####.####..####.#** #.......#.P
....#............# #.......#.P
###.#.###...###########.......#..
..).#,* ##..# #....##.......#P.
...<#,* ##..### #....#######'##..
#####,* #....§###....#######.###.
.,,,,,* #..>..○§@.............###
..,**** #....§###....##########..
##.**** #.....# #................
,*,**<* #.....# #.....#####..#.##
,*,**+**####### #.....# #..#.#
,*,*,,,,,,,,* #.....# #..#.#
,*,*,,,,,,,,* #####.# #..#.##
,,,*,,,,,,,,* #.# #..#.#.
,****,###############.# #....#.


There were no monsters in sight!

Vanquished Creatures
  A two-headed ogre (D:7)
  Pikel (Temple)
  A komodo dragon (D:8)
  Prince Ribbit (D:6)
  A wyvern (D:8)
  3 steam dragons
  Menkaure (D:7)
  2 water moccasins
  A black bear (D:6)
  An orc warrior (D:7)
  An ogre (D:3)
  2 centaurs (D:8)
  A lemure (D:4)
  A phantom (D:6)
  2 bullfrogs
  2 scorpions
  A necrophage (D:6)
  4 wights
  A killer bee (D:8)
  A howler monkey (D:5)
  2 hounds (D:4)
  A jelly (D:8)
  2 orc priests
  Jessica (D:2)
  Ijyb (D:5)
  3 orc wizards
  An iguana (D:7)
  4 gnolls
  5 adders
  2 white imps
  2 ufetubi
  6 dart slugs
  20 orcs
  7 endoplasms
  A giant cockroach (D:4)
  10 goblins
  11 hobgoblins
  2 quokkas
  3 training dummies (D:4)
  7 ball pythons
  4 bats
  3 frilled lizards
  10 kobolds
  8 rats
145 creatures vanquished.

Vanquished Creatures (others)
  24 fulminant prisms
  17 plants
41 creatures vanquished.

Grand Total: 186 creatures vanquished

Notes
Turn   | Place    | Note
-------+----------+-------------------------------------------
     0 | D:1      | enile the Tengu Conjurer began the quest for the Orb.
     0 | D:1      | Reached XP level 1. HP: 10/10 MP: 4/4
   162 | D:1      | Reached XP level 2. HP: 11/15 MP: 0/6
   258 | D:1      | Reached skill level 6 in Conjurations
   363 | D:1      | Found a faded altar of an unknown god.
   403 | D:1      | Learned a level 2 spell: Searing Ray
   406 | D:1      | Reached XP level 3. HP: 15/19 MP: 3/7
  1147 | D:1      | Prayed at the altar of an unknown god.
  1147 | D:1      | Became a worshipper of Dithmenos the Shadowed
  1147 | D:1      | Reached * piety under Dithmenos
  1169 | D:2      | Noticed Sigmund
  1359 | D:2      | Noticed Jessica
  1360 | D:2      | Killed Jessica
  1361 | D:2      | Reached skill level 7 in Conjurations
  1361 | D:2      | Reached skill level 1 in Fighting
  1361 | D:2      | Reached XP level 4. HP: 25/25 MP: 5/8
  1807 | D:3      | Gained mutation: You are clumsy. (Dex -2) [potion of
                  | mutation]
  1807 | D:3      | Gained mutation: You are frail. (-10% HP) [potion of
                  | mutation]
  1807 | D:3      | Gained mutation: You passively map a small area around you.
                  | [potion of mutation]
  1814 | D:3      | Gained mutation: Your magical nature lets you fly swiftly
                  | and evasively. [Tengu growth]
  1814 | D:3      | Reached XP level 5. HP: 12/27 MP: 0/9
  2177 | D:3      | Reached ** piety under Dithmenos
  2274 | D:3      | Learned a level 3 spell: Dazzling Flash
  2482 | D:3      | Found a radiant altar of Vehumet.
  2810 | D:3      | Noticed an ogre
  2811 | D:3      | Identified a scroll of acquirement
  2811 | D:3      | Acquired a staff of conjuration
  2821 | D:3      | Killed an ogre
  2822 | D:3      | Reached XP level 6. HP: 29/31 MP: 4/11
  3290 | D:4      | Identified the +1 robe of the Bright God {Str+2}
  3349 | D:4      | Found a staircase to the Ecumenical Temple.
  3917 | D:4      | Found Coetib's Firing Range.
  3922 | D:4      | Bought 6 boomerangs of dispersal for 117 gold pieces
  4247 | D:4      | Lost mutation: You passively map a small area around you.
                  | [potion of mutation]
  4247 | D:4      | Lost mutation: You are clumsy. (Dex -2) [potion of
                  | mutation]
  4247 | D:4      | Lost mutation: You are frail. (-10% HP) [potion of
                  | mutation]
  4247 | D:4      | Gained mutation: You do not regenerate when monsters are
                  | visible. [potion of mutation]
  4247 | D:4      | Gained mutation: You are partially covered in large bone
                  | plates. (SH +4) [potion of mutation]
  4247 | D:4      | Lost mutation: You do not regenerate when monsters are
                  | visible. [potion of mutation]
  4247 | D:4      | Gained mutation: You possess an exceptional clarity of
                  | mind. [potion of mutation]
  4306 | D:5      | Entered Level 5 of the Dungeon
  4307 | D:5      | Noticed Pikel
  4515 | Temple   | Entered the Ecumenical Temple
  4925 | Temple   | Killed Pikel
  4926 | Temple   | Reached XP level 7. HP: 22/44 MP: 4/14
  4926 | Temple   | Reached XP level 8. HP: 25/48 MP: 4/15
  5108 | D:4      | Learned a level 4 spell: Fulminant Prism
  5161 | D:5      | Reached skill level 5 in Fighting
  5557 | D:5      | Reached skill level 5 in Dodging
  5920 | D:5      | Noticed Ijyb
  5931 | D:5      | Killed Ijyb
  6877 | D:6      | Noticed Prince Ribbit
  6884 | D:6      | Killed Prince Ribbit
  6885 | D:6      | Reached skill level 8 in Conjurations
  7057 | D:6      | Reached skill level 9 in Conjurations
  7240 | D:6      | Reached *** piety under Dithmenos
  7241 | D:6      | Reached skill level 5 in Evocations
  7928 | D:6      | Reached XP level 9. HP: 52/52 MP: 9/16
  8014 | D:6      | Found a blossoming altar of Fedhas.
  8765 | D:7      | Found a shimmering altar of Xom.
  8858 | D:7      | Noticed a two-headed ogre
  9122 | D:7      | Killed a two-headed ogre
  9123 | D:7      | Reached skill level 5 in Air Magic
  9127 | D:7      | Learned a level 3 spell: Mephitic Cloud
  9450 | D:7      | Noticed Menkaure
  9464 | D:7      | Killed Menkaure
  9884 | D:7      | Reached skill level 5 in Spellcasting
 10265 | D:8      | Reached XP level 10. HP: 59/59 MP: 11/19
 10609 | D:8      | Found a staircase to the Lair.
 10726 | D:8      | Reached skill level 10 in Conjurations
 10737 | D:8      | Noticed a deep elf pyromancer
 10749 | D:8      | HP: 2/59 [cloud of flame (22)]
 10749 | D:8      | Succumbed to a killer bee's poison

Illustrated notes

Levels and vault maps discovered:
D:1:      dpeg_arrival_windows_large_door, layout_basic,
          dreamdust_ecumenical_altar_grove
D:2:      layout_loops_ring, uniq_robin, uniq_jessica, uniq_sigmund
D:3:      layout_loops_ring, lemuel_doored_altar, minmay_ogre_servants
D:4:      layout_loops_cross, temple_pool_b, nicolae_shop_firing_range
D:5:      layout_layer_cave, uniq_pikel, uniq_ijyb
D:6:      black_bear_nest_1, layout_basic, kennysheep_mini_moat,
          uniq_prince_ribbit1
D:7:      layout_loops_ring, mainiacjoe_overflow_brackets, uniq_menkaure
D:8:      minmay_bloctagon, layout_basic, david_lair_shrubbed
Temple:   lightli_temple_of_artemis

Skill      XL: |  1  2  3  4  5  6  7  8  9 10 |
---------------+-------------------------------+-----
Conjurations   | 6 7 9 10 | 10.0
Fighting       | 1 2 4 5 |  5.5
Dodging        | 3 4 5 7 |  7.0
Spellcasting   | 3 4 5 6 |  6.0
Evocations     | 4 5 6 |  6.0
Stealth        | 3 |  3.0
Air Magic      | 5 |  5.0

Action                   |  1- 3 |  4- 6 |  7- 9 | 10-12 || total
-------------------------+-------+-------+-------+-------++-------
Melee: Unarmed           |     9 |       |       |       ||     9
       Kick              |     2 |     9 |    22 |       ||    33
       Staff             |       |    30 |    71 |     2 ||   103
       Peck              |       |     7 |    16 |     1 ||    24
Throw: Boomerang         |       |     4 |     2 |       ||     6
       Throwing net      |       |     1 |       |       ||     1
 Cast: Magic Dart        |    50 |   102 |    52 |     2 ||   206
       Searing Ray       |     2 |    28 |    12 |    10 ||    52
       Dazzling Flash    |       |     1 |     2 |       ||     3
       Fulminant Prism   |       |       |    22 |     2 ||    24
       Mephitic Cloud    |       |       |     3 |     2 ||     5
Invok: Shadow Step       |       |     1 |       |       ||     1
Evoke: Wand              |       |     7 |     6 |       ||    13
  Use: Scroll            |     2 |     4 |     4 |     2 ||    12
       Potion            |       |    13 |     1 |       ||    14
 Stab: Sleeping          |       |       |     1 |       ||     1
       Confused          |       |       |       |     1 ||     1
Armor: Robe              |     4 |     4 |    10 |       ||    18
Dodge: Dodged            |    10 |    61 |    91 |     6 ||   168
Block: Other             |       |     8 |    13 |     2 ||    23

Table legend: (Time is in decaauts)
 A = Elapsed time spent in this place.
 B = Non-inter-level travel time spent in this place.
 C = Inter-level travel time spent in this place.
 D = Time resting spent in this place.
 E = Time spent auto-exploring this place.
 F = Levels seen in this place.
 G = Mean time per level.
                   A        B        C        D        E       F      G
               +--------+--------+--------+--------+--------+-----+--------+
         Total |  10285 |   9886 |    399 |    488 |   7843 |   9 | 1142.8 |
       Dungeon |   9622 |   9244 |    378 |    268 |   7672 |   8 | 1202.8 |
        Temple |    662 |    642 |     20 |    220 |    171 |   1 |  662.0 |
               +--------+--------+--------+--------+--------+-----+--------+

Top non-repeatable levels by time:
     D:4: 1682 daAuts
     D:5: 1548 daAuts
     D:3: 1445 daAuts
     D:6: 1388 daAuts
     D:1: 1338 daAuts
     D:7: 1128 daAuts
     D:8: 760 daAuts
  Temple: 662 daAuts
     D:2: 330 daAuts
